 Dungeon Crawl Stone Soup version 0.29.1-15-g9cfb28693d (webtiles) character file.

Game seed: 11877999939922815137

10059 Eitelfritz the Impaler (level 11, -5/78 HPs)
             Began as a Merfolk Gladiator on Apr 14, 2023.
             Was a Believer of Hepliaklqana.
             Slain by a two-headed ogre
             ... wielding a +0 giant spiked club
              (19 damage)
             ... on level 10 of the Dungeon.
             The game lasted 00:28:45 (8006 turns).

Eitelfritz the Impaler (Merfolk Gladiator)          Turns: 8006, Time: 00:28:46

Health: -5/78      AC: 15    Str: 17    XL:     11   Next: 56%
Magic:  7/11       EV: 18    Int:  9    God:    Hepliaklqana [**....]
Gold:   351        SH:  0    Dex: 16    Spells: 7/10 levels left

rFire   + . .      SeeInvis .   a - +2 halberd (freeze)
rCold   + . .      Faith    .   (shield currently unavailable)
rNeg    . . .      Spirit   .   C - +0 steam dragon scales
rPois   +          Reflect  .   y - +1 helmet
rElec   .          Harm     .   H - scarf {rC+ rF+}
rCorr   .          Rampage  ∞   t - +2 pair of gloves
Will    .....                   E - +3 pair of seven-league boots {Rampage+∞}
Stlth   ++++......              w - amulet of regeneration
HPRegen 1.03/turn               l - ring of poison resistance
MPRegen 0.12/turn               (no ring)

@: very slightly contaminated
A: reduced essence, (nimble swimmer 2), mertail
a: Renounce Religion, Recall Ancestor, Ancestor Identity


You were on level 10 of the Dungeon.
You worshipped Hepliaklqana.
Hepliaklqana was pleased with you.
You visited 2 branches of the dungeon, and saw 11 of its levels.
You also visited: Sewer.

You collected 799 gold pieces.
You spent 448 gold pieces at shops.

Inventory:

Hand Weapons
 a - a +2 halberd of freezing (weapon)
 b - the +4 sling of Conflict {speed, rElec Int+8}
   (You found it on level 5 of the Dungeon)

   Attacks with this weapon are significantly faster.
   Int:       It affects your intelligence (+8).
   rElec:     It insulates you from electricity.
 c - a +1 halberd of flaming
 r - a +1 shortbow of freezing
 G - the +3 quarterstaff "Nicyraleydd" {freeze, rF++ Str+3 Int-2}
   (You found it on level 9 of the Dungeon)

   It freezes those it strikes, dealing additional cold damage.
   It can also slow down cold-blooded creatures.
   Str:       It affects your strength (+3).
   Int:       It affects your intelligence (-2).
   rF:        It greatly protects you from fire.
Missiles
 d - 3 throwing nets (quivered)
 e - 12 javelins
 h - 26 poisoned darts
Armour
 t - a +2 pair of gloves (worn)
 y - a +1 helmet (worn)
 C - +0 steam dragon scales (worn)
 D - a +1 cloak
 E - the +3 pair of seven-league boots (worn) {Rampage+∞}
   (You acquired it on level 9 of the Dungeon)

   Its wearer moves as far as possible in that direction when moving towards
   enemies.
 H - a scarf of resistance (worn)
Jewellery
 l - a ring of poison resistance (left hand)
 w - an amulet of regeneration (around neck)
 I - a ring of protection from fire
 L - a ring of protection from cold
Wands
 F - a wand of digging (5)
Scrolls
 f - 3 scrolls of immolation
 j - a scroll of amnesia
 m - 7 scrolls of teleportation
 u - 3 scrolls of blinking
 J - a scroll of fear
 K - a scroll of summoning
Potions
 g - 4 potions of mutation
 i - a potion of haste
 k - 3 potions of attraction
 n - 3 potions of might
 o - 6 potions of curing
 p - a potion of lignification {unknown}
 q - a potion of brilliance
 v - a potion of ambrosia {unknown}
 x - a potion of flight {unknown}
 z - a potion of resistance {unknown}
 A - a potion of invisibility {unknown}
 B - a potion of magic {unknown}


   Skills:
 + Level 8.5 Fighting
 + Level 16.0 Polearms
 + Level 0.9 Ranged Weapons
 + Level 2.1 Throwing
 + Level 3.1 Armour
 + Level 10.9 Dodging
 + Level 6.9 Stealth


You had 7 spell levels left.
You knew the following spells:

 Your Spells              Type           Power      Damage    Failure   Level
a - Apportation           Tloc           0%         N/A       38%         1
b - Blink                 Tloc           0%         N/A       52%         2

Your spell library contained the following spells:

 Spells                   Type           Power      Damage    Failure   Level
 Necrotise                Necr           0%         1d4       38%         1
 Summon Small Mammal      Summ           0%         N/A       38%         1
 Ensorcelled Hibernation  Hex/Ice        0%         N/A       52%         2
 Passwall                 Tmut/Erth      0%         N/A       52%         2
 Poisonous Vapours        Pois/Air       0%         N/A       52%         2
 Static Discharge         Conj/Air       0%         3-3/arc   52%         2
 Gell's Gravitas          Tloc           0%         N/A       77%         3
 Lesser Beckoning         Tloc           0%         N/A       77%         3
 Stone Arrow              Conj/Erth      0%         3d7       77%         3
 Swiftness                Air            0%         N/A       77%         3
 Teleport Other           Tloc           0%         N/A       77%         3
 Animate Armour           Summ/Erth      0%         N/A       99%         4
 Corpse Rot               Necr/Pois/Air  0%         N/A       99%         4
 Lightning Bolt           Conj/Air       0%         1d11      100%        5
 Manifold Assault         Tloc           0%         N/A       100%        5
 Lehudib's Crystal Spear  Conj/Erth      0%         10d2      100%        8
 Maxwell's Capacitive Co  Air            0%         ∞         100%        8


Dungeon Overview and Level Annotations

Branches:
Dungeon (10/15)            Temple (1/1) D:5            Lair (0/5) D:8
  Sewer (visited)
    Orc: D:9-12

Altars:
Cheibriados
Dithmenos
Fedhas
Hepliaklqana
Kikubaaqudgha
Makhleb
Nemelex Xobeh
Okawaru
Qazlal
Ru
Sif Muna
Trog
Uskayaw
Vehumet
Wu Jian
Xom
Yredelemnul
Zin
The Shining One

Shops:
D:6 :   D:9 *


Innate Abilities, Weirdness & Mutations

Your life essence is reduced to manifest your ancestor. (-10% HP)
((You are very nimble when in or above water. (Stealth+, EV+, Speed+++)))
Your lower body shifts to a powerful aquatic tail in water.


Message History

A two-headed ogre comes into view.
It is wielding a +0 giant spiked club and a +0 giant club.
Your Polearms skill increases to level 16!
You hit the two-headed ogre. You freeze the two-headed ogre.
The two-headed ogre is lightly wounded.
You feel sick.
Tepiltzin hits the two-headed ogre with a +0 flail!
The two-headed ogre hits Tepiltzin with a +0 giant spiked club!!
Tepiltzin blocks the two-headed ogre's attack.
You barely miss the two-headed ogre.
The two-headed ogre is moderately wounded.
Tepiltzin closely misses the two-headed ogre.
You barely miss the two-headed ogre.
The two-headed ogre is moderately wounded.
You feel sick.
You are no longer poisoned.
The two-headed ogre hits you with a +0 giant spiked club!!
* * * LOW HITPOINT WARNING * * *
The two-headed ogre hits you with a +0 giant club.
* * * LOW HITPOINT WARNING * * *
You feel better.
Tepiltzin hits the two-headed ogre with a +0 flail!
Okay, then.
Unknown command.
Cast which spell? (? or * to list)
Okay, then.
Unknown command.
Cast which spell? (? or * to list)
You miscast Blink.
You are very lightly contaminated with residual magic.
Nothing appears to happen.
Tepiltzin barely misses the two-headed ogre.
The two-headed ogre hits you but does no damage.
The two-headed ogre closely misses you.
Casting: Blink (dangerous; 52% risk of failure)
Confirm with . or Enter, or press ? or * to list all spells.
You miscast Blink.
Nothing appears to happen.
Tepiltzin hits the two-headed ogre with a +0 flail.
The two-headed ogre misses you.
The two-headed ogre hits you with a +0 giant club!!
You die...

..........#...
..........#.# #.
............. .?
..........#.# #.
...##..)..#.....
..##......# #.#.
.##.......# .9c
##........#####O#####
#.....###.#....R@)..#
......#...#.###'###.#
......#...#.'.#. #
......#..R#.#.#.
#####.#.....#.+!
#...#.#.#. ###.#.+.#.
..#.###+ ...#..


You could see the friendly Tepiltzin the knight, a two-headed ogre (ally
target), a gargoyle and a centaur.

Vanquished Creatures
  2 two-headed ogres
  Joseph (D:10)
  Maggie (D:7)
  An unseen horror (D:10)
  Psyche (D:9)
  A troll (D:10)
  Prince Ribbit (D:7)
  3 hornets
  Grinder (D:6)
  A shadow (D:10)
  A jumping spider (shapeshifter) (D:10)
  Grum (D:8)
  3 steam dragons
  2 vampire mosquitoes (D:10)
  5 water moccasins
  4 ice beasts
  2 orc warriors
  2 ogres (D:6)
  4 black bears
  3 wolves (D:8)
  3 centaurs
  4 lemures (D:7)
  4 kobold brigands
  A bullfrog (D:7)
  A gnoll sergeant (D:6)
  A necrophage (D:8)
  5 scorpions
  3 wights (D:9)
  5 killer bees
  4 howler monkeys
  3 hounds
  A jelly (D:6)
  4 orc priests
  2 gnoll boudas
  4 iguanas
  10 orc wizards
  16 gnolls
  8 adders
  6 river rats (Sewer)
  5 white imps
  5 worms
  A dart slug (D:1)
  26 orcs
  16 ball pythons
  6 bats
  11 endoplasms
  2 giant cockroaches
  6 hobgoblins
  8 jackals
  14 kobolds
  A quokka (D:1)
  10 frilled lizards
  6 goblins
  12 rats
254 creatures vanquished.

Vanquished Creatures (collateral kills)
  Pikel (D:9)
  Maurice (D:8)
  An unseen horror (D:10)
  An orc warrior (D:10)
  4 wights (D:9)
  An orc wizard (D:10)
  A gnoll (D:8)
  4 orcs (D:8)
  A kobold (D:8)
15 creatures vanquished.

Vanquished Creatures (others)
  A human (D:5)
  An ancestor (D:8)
  An orc (D:8)
  14 plants
17 creatures vanquished.

Grand Total: 286 creatures vanquished

Notes
Turn   | Place    | Note
-------+----------+-------------------------------------------
     0 | D:1      | Eitelfritz the Merfolk Gladiator began the quest for the
                  | Orb.
     0 | D:1      | Reached XP level 1. HP: 16/16 MP: 1/1
    48 | D:1      | Reached XP level 2. HP: 22/23 MP: 2/2
    96 | D:1      | Reached XP level 3. HP: 10/28 MP: 3/3
   475 | D:1      | Found a faded altar of an unknown god.
   559 | D:1      | Reached skill level 5 in Polearms
   989 | D:2      | Found a radiant altar of Vehumet.
  1122 | D:2      | Reached XP level 4. HP: 31/34 MP: 4/4
  1992 | D:3      | Reached XP level 5. HP: 32/41 MP: 5/5
  2091 | D:3      | Reached skill level 1 in Armour
  2381 | D:3      | Found a glowing drain.
  2399 | Sewer    | Entered a sewer
  2423 | Sewer    | Reached skill level 6 in Polearms
  2467 | Sewer    | Noticed a kobold brigand
  2481 | Sewer    | Killed a kobold brigand
  2482 | Sewer    | Reached skill level 5 in Dodging
  2482 | Sewer    | Reached skill level 1 in Stealth
  2482 | Sewer    | Reached XP level 6. HP: 36/47 MP: 6/6
  2658 | Sewer    | Reached skill level 7 in Polearms
  3370 | D:4      | Reached XP level 7. HP: 53/53 MP: 7/7
  3509 | D:4      | Found a shimmering blue altar of Sif Muna.
  3776 | D:4      | Learned a level 1 spell: Apportation
  3779 | D:4      | Learned a level 2 spell: Blink
  3782 | D:5      | Entered Level 5 of the Dungeon
  3811 | D:4      | Reached skill level 8 in Polearms
  3878 | D:5      | Identified the +4 sling of Conflict {speed, rElec Int+8}
  3894 | D:5      | Found a staircase to the Ecumenical Temple.
  3920 | Temple   | Entered the Ecumenical Temple
  4003 | D:5      | Reached XP level 8. HP: 60/60 MP: 8/8
  4022 | D:5      | Reached skill level 9 in Polearms
  4204 | D:5      | Found a snail-covered altar of Cheibriados.
  4234 | D:5      | Found an ancient bone altar of Kikubaaqudgha.
  4327 | D:5      | Found a hide-covered altar of Uskayaw.
  4408 | D:5      | Found a sacrificial altar of Ru.
  4494 | D:6      | Found Xomapud's Book Boutique.
  4511 | D:6      | Reached skill level 5 in Fighting
  4511 | D:6      | Reached skill level 10 in Polearms
  4720 | D:6      | Found a hazy altar of Hepliaklqana.
  4731 | D:6      | Became a worshipper of Hepliaklqana the Forgotten
  4806 | D:6      | Reached XP level 9. HP: 68/68 MP: 9/9
  4825 | D:6      | Reached skill level 11 in Polearms
  4849 | D:6      | Noticed Grinder
  4853 | D:6      | Paralysed by Grinder for 5 turns
  4861 | D:6      | Killed Grinder
  5357 | D:7      | Noticed Pikel
  5451 | D:7      | Noticed Maggie
  5463 | D:7      | Killed Maggie
  5464 | D:7      | Reached skill level 12 in Polearms
  6094 | D:7      | Reached * piety under Hepliaklqana
  6125 | D:7      | Found a burning altar of Makhleb.
  6125 | D:7      | Noticed Prince Ribbit
  6131 | D:7      | Killed Prince Ribbit
  6192 | D:8      | Found a staircase to the Lair.
  6197 | D:8      | Noticed Maurice
  6271 | D:8      | Killed Maurice
  6272 | D:8      | Reached skill level 13 in Polearms
  6272 | D:8      | Reached XP level 10. HP: 47/69 MP: 10/10
  6479 | D:8      | Found an ornate altar of the Wu Jian Council.
  6547 | D:8      | Noticed Grum
  6562 | D:8      | Killed Grum
  6656 | D:8      | Reached skill level 14 in Polearms
  6992 | D:8      | Found a sparkling altar of Nemelex Xobeh.
  6992 | D:8      | Found an iron altar of Okawaru.
  7237 | D:9      | Identified the +3 quarterstaff "Nicyraleydd" {freeze, rF++
                  | Str+3 Int-2}
  7239 | D:9      | Noticed Psyche
  7247 | D:9      | Killed Psyche
  7278 | D:9      | Reached ** piety under Hepliaklqana
  7278 | D:9      | Found Otu Orph's Neck Hole.
  7287 | D:9      | Reached skill level 5 in Stealth
  7293 | D:9      | Bought a scarf of resistance for 448 gold pieces
  7319 | D:9      | Found a blossoming altar of Fedhas.
  7452 | D:9      | Remembered your ancestor Tepiltzin as a knight
  7483 | D:9      | Noticed a two-headed ogre
  7490 | D:9      | Killed a two-headed ogre
  7541 | D:9      | Reached skill level 10 in Dodging
  7542 | D:9      | Reached XP level 11. HP: 77/77 MP: 11/11
  7708 | D:9      | Found a shadowy altar of Dithmenos.
  7720 | D:9      | Reached skill level 15 in Polearms
  7742 | D:9      | Found a glowing golden altar of the Shining One.
  7814 | D:9      | Killed Pikel
  7832 | D:9      | Identified a scroll of acquirement
  7832 | D:9      | Acquired the +3 pair of seven-league boots {Rampage+∞}
  7832 | D:9      | Found the +3 pair of seven-league boots {Rampage+∞}
  7846 | D:10     | Entered Level 10 of the Dungeon
  7846 | D:10     | Noticed Joseph
  7855 | D:10     | Killed Joseph
  7945 | D:10     | Noticed a two-headed ogre
  7953 | D:10     | Killed a two-headed ogre
  8000 | D:10     | Noticed a two-headed ogre
  8001 | D:10     | Reached skill level 16 in Polearms
  8006 | D:10     | Slain by a two-headed ogre

Illustrated notes

Levels and vault maps discovered:
D:1:      kennysheep_arrival_forest, layout_basic,
          hellmonk_ecumenical_altar_leap_of_faith, amethyst_killhole,
          amcnicky_mini_pool_small
D:2:      wad_crossroads, layout_rooms, basic_altar
D:3:      layout_basic, cheibrodos_sewer_entry_bend, minmay_shallow_snake_nest
D:4:      layout_rooms, general_overflow_altar
D:5:      layout_cave_pools, tgw_kikubaaqudgha, nicolae_uskayaw_dance_hall,
          nicolae_ru_the_path_less_chosen, mainiacjoe_overflow_tiny_flanked,
          minmay_temple_entry_statues_pillars
D:6:      minmay_recursive_quarters, layout_basic, overflow_temple_1_default,
          serial_shops, shop_coins, uniq_grinder
D:7:      layout_basic, lemuel_round_altar, uniq_prince_ribbit1, uniq_maggie,
          uniq_pikel
D:8:      layout_loops_ring, gammafunk_temple_overflow_statue,
          overflow_temple_1_default, lair_entry_dummy, st_stairs_10,
          uniq_maurice, uniq_grum
D:9:      layout_roguey, mainiacjoe_overflow_alcove_1,
          mainiacjoe_overflow_big_doors, nicolae_shop_sticking_my_neck_out,
          uniq_psyche
D:10:     minmay_the_grid_3x3 [minmay_the_grid_tiny_cups,
          minmay_the_grid_plusring, minmay_the_grid_holed_spiral,
          minmay_the_grid_rooms, minmay_the_grid_doors,
          minmay_the_grid_medium_cups, minmay_the_grid_pillar_ring,
          minmay_the_grid_minigrid_small,
          minmay_the_grid_prize_four_corners_diamond_b], layout_gridville,
          lemuel_coloured_pillars_altar, nicolae_elyvilon_peaceful_grove,
          nicolae_ashenzari_panopticon, uniq_joseph, uniq_lodul, uniq_urug
Temple:   nicolae_temple_stand_before_the_council

Skill      XL: |  1  2  3  4  5  6  7  8  9 10 11 |
---------------+----------------------------------+-----
Polearms       | 5 6 7 8 10 13 14 16 | 16.0
Fighting       | 3 4 5 6 7 8 |  8.5
Armour         | 1 2 3 |  3.1
Dodging        | 5 7 8 10 | 10.9
Stealth        | 1 2 3 4 5 6 |  6.9
Ranged Weapons | |  0.9
Throwing       | |  2.1

Action                   |  1- 3 |  4- 6 |  7- 9 | 10-12 || total
-------------------------+-------+-------+-------+-------++-------
Melee: Trident           |   120 |    67 |       |       ||   187
       Punch             |     2 |     1 |       |       ||     3
       Halberd           |       |   156 |   295 |   217 ||   668
       Tailslap          |       |     7 |       |       ||     7
 Fire: Sling             |       |       |     4 |       ||     4
Invok: Ancestor Life: Kn |       |       |       |     1 ||     1
  Use: Scroll            |       |     1 |    16 |     3 ||    20
       Potion            |       |       |       |     1 ||     1
 Stab: Sleeping          |     1 |     6 |     5 |     8 ||    20
       Distracted        |       |     1 |       |     1 ||     2
Armor: Leather armour    |    40 |    33 |   127 |     5 ||   205
       Steam dragon scal |       |       |       |    58 ||    58
Dodge: Dodged            |    99 |   128 |   216 |   137 ||   580
